 Dungeon Crawl Stone Soup version 0.30.1-11-g7821555f0a (webtiles) character file.

Game seed: 5798626080991461449

17 andronian the Slasher (level 2, -3/24 HPs)
             Began as a Merfolk Monk on Nov 27, 2023.
             Slain by a gnoll
             ... wielding a +0 spear
              (8 damage)
             ... on level 1 of the Dungeon.
             The game lasted 00:00:53 (600 turns).

andronian the Slasher (Merfolk Monk)                 Turns: 600, Time: 00:00:54

Health: -3/24      AC:  2    Str: 11    XL:     2   Next: 62%
Magic:  2/2        EV: 13    Int:  9    God:
Gold:   20         SH:  0    Dex: 16    Spells: 1/1 levels left

rFire   . . .        a - +0 falchion
rCold   . . .        d - orb {light}
rNeg    . . .        b - +0 robe
rPois   .            (no helmet)
rElec   .            (no cloak)
rCorr   .            (no gloves)
SInv    .            (no boots)
Will    .....        (no amulet)
Stlth   +            (no ring)
HPRegen 0.24/turn    (no ring)
MPRegen 0.08/turn

%: no passive effects
@: glowing
A: (nimble swimmer 2), mertail
a: no special abilities


You were on level 1 of the Dungeon.
You visited 1 branch of the dungeon, and saw 1 of its levels.

You collected 20 gold pieces.

Inventory:

Hand Weapons
 a - a +0 falchion (weapon)
Missiles
 g - 4 poisoned darts (quivered)
Armour
 b - a +0 robe (worn)
 d - an orb of light (worn)
Potions
 c - a potion of ambrosia
 e - a potion of haste {unknown}
 f - a potion of attraction {unknown}
 h - a potion of curing {unknown}
 i - 3 potions of brilliance {unknown}
 j - a potion of lignification {unknown}


   Skills:
 + Level 3.6 Fighting
 * Level 4.3 Long Blades
 - Level 4.0 Dodging


You had one spell level left.
You didn't know any spells.
Your spell library was empty.

Dungeon Overview and Level Annotations

Branches:
Dungeon (1/15)

Altars:


Innate Abilities, Weirdness & Mutations

((You are very nimble when in or above water. (Stealth+, EV+, Speed+++)))
Your lower body shifts to a powerful aquatic tail in water.


Message History

Found a stone staircase leading down.
A hobgoblin comes into view.
The hobgoblin shouts!
A quokka comes into view.
The hobgoblin closely misses you.
You barely miss the hobgoblin. The hobgoblin closely misses you.
You hit the hobgoblin.
The hobgoblin is almost dead.
The hobgoblin hits you.
You hit the hobgoblin.
You kill the hobgoblin!
The quokka bites you.
You see here a hobgoblin corpse.
You slash the quokka!
You kill the quokka!
You see here a quokka corpse.
i - 3 amethyst potions (gained 1)
You see here a quokka corpse.
You see here a hobgoblin corpse.
There is a stone staircase leading down here.
A gnoll comes into view. It is wielding a +0 spear.
Found a glowing brown potion.
The gnoll hits you from afar with a +0 spear!
The gnoll hits you with a +0 spear.
You hit the gnoll but do no damage. The gnoll barely misses you.
You hit the gnoll but do no damage. The gnoll barely misses you.
You slash the gnoll!
The gnoll is heavily wounded.
The gnoll hits you with a +0 spear.
You hit the gnoll.
The gnoll is severely wounded.
The gnoll misses you.
You barely miss the gnoll.
The gnoll is severely wounded.
The gnoll hits you with a +0 spear.
* * * LOW HITPOINT WARNING * * *
You hit the gnoll but do no damage.
The gnoll is severely wounded.
The gnoll hits you with a +0 spear!
You die...

### #.# ..# ... #.# #.#
#.# #.# #.# #.# #.# #g#
#.# #@# #.# ## #.#
#.###### .#
#..###.#########.......
..
..................รท....#
.####
##.###################.#
....# ############ #.#
....# #..........# #.#
....#######. #.########.#
#.# .###........ #.# #.#
#.#


You could see a gnoll.

Vanquished Creatures
  A ball python (D:1)
  2 endoplasms (D:1)
  6 hobgoblins (D:1)
  A quokka (D:1)
  3 frilled lizards (D:1)
  A kobold (D:1)
  A rat (D:1)
15 creatures vanquished.

Notes
Turn   | Place    | Note
-------+----------+-------------------------------------------
     0 | D:1      | andronian the Merfolk Monk began the quest for the Orb.
     0 | D:1      | Reached XP level 1. HP: 18/18 MP: 1/1
   242 | D:1      | Reached XP level 2. HP: 24/24 MP: 2/2
   600 | D:1      | Slain by a gnoll

Illustrated notes

Levels and vault maps discovered:
D:1:      elethiomel_arrival_fortress_basement, layout_loops_ring

Skill      XL: |  1 |
---------------+----+-----
Long Blades    | 4 |  4.3
Fighting       | |  3.6
Dodging        | |  4.0

Action                     || total
---------------------------++-------
  Melee: Falchion          ||    42
 Armour: Robe              ||     5
  Dodge: Dodged            ||    21
